Map: Lost and Found LE

Players

Scarlett - Winner!

  • Race: Zerg Zerg
  • Spawn Location: 7:00

PtitDrogo

  • Race: Protoss Protoss
  • Spawn Location: 1:00

VOD

Have the link to the VOD?

Description

Set 1 Drogo scarlett map 2

Time

  • Played on: July 12, 2018, 12:50 p.m.
  • Length: 12:43
Show
View Real Time Build Order
Export as new Build Order

Scarlett Zerg - Winner!

Build Orders: Hatch First, Lurkers, Roach Hydra 

Get SALT Encoding   

  12  0:00  Drone  
  13  0:12  Overlord  
  13  0:16  Drone  
  14  0:30  Drone x2  
  16  0:47  Hatchery  
  15  0:50  Drone  
  15  0:53  Drone  
  17  0:57  Drone  
  18  1:08  Extractor  
  17  1:11  Spawning Pool  
  17  1:15  Drone  
  17  1:20  Drone  
  18  1:28  Drone  
  19  1:39  Drone  
  20  1:49  Drone  
  21  1:59  Queen x2  
  21  2:00  Overlord, Zergling x2  
  26  2:08  Metabolic Boost  
  26  2:11  Drone  
  26  2:12  Drone  
  28  2:20  Drone  
  28  2:22  Drone  
  30  2:31  Drone  
  30  2:34  Drone  
  32  2:40  Hatchery  
  32  2:42  Queen  
  33  2:46  Overlord  
  33  2:49  Zergling x2  
  34  2:53  Drone x2  
  36  3:00  Spore Crawler  
  36  3:02  Spore Crawler  
  36  3:07  Drone x4  
  36  3:09  Drone x3  
  43  3:12  Overlord  
  43  3:18  Overlord  
  43  3:20  Drone  
  44  3:28  Overlord  
  44  3:31  Drone  
  45  3:36  Spore Crawler  
  45  3:38  Drone x2  
  45  3:40  Extractor, Queen  
  47  3:41  Overlord  
  47  3:43  Drone  
  47  3:44  Drone  
  49  3:50  Drone x4  
  49  3:53  Extractor  
  52  3:56  Queen  
  52  4:00  Drone  
  52  4:01  Drone  
  56  4:03  Drone x2  
  56  4:04  Drone  
  58  4:12  Drone  
  58  4:16  Spore Crawler  
  58  4:17  Drone x4  
  62  4:18  Extractor  
  62  4:21  Spore Crawler  
  60  4:29  Drone x5  
  65  4:36  Overlord x2  
  65  4:43  Lair, Roach Warren  
  64  4:53  Overlord  
  64  4:54  Drone  
  64  4:56  Extractor x2, Drone x7  
  70  5:01  Drone  
  70  5:03  Drone  
  70  5:05  Drone  
  73  5:08  Drone  
  73  5:11  Evolution Chamber  
  73  5:13  Drone x7  
  80  5:17  Zergling x2  
  81  5:21  Overlord  
  81  5:25  Roach x3  
  87  5:33  Roach  
  89  5:38  Overlord x2  
  88  5:43  Overlord x2  
  88  5:46  Zerg Missile Weapons Level 1  
  88  5:47  Extractor  
  86  5:50  Overseer  
  86  5:51  Glial Reconstitution  
  86  5:52  Overlord x2, Roach  
  86  5:54  Drone  
  86  5:56  Hydralisk Den  
  88  5:57  Roach  
  88  5:58  Roach x6  
  88  6:03  Roach x2  
  106  6:09  Drone  
  107  6:14  Drone x2  
  109  6:20  Hatchery, Drone  
  109  6:25  Drone  
  110  6:26  Muscular Augments, Hydralisk x4  
  110  6:28  Pneumatized Carapace  
  118  6:38  Hydralisk x6  
  130  6:50  Overlord x4  
  130  6:57  Overlord x3  
  130  6:59  Extractor  
  129  7:02  Spire  
  128  7:09  Drone x3  
  128  7:10  Drone x5  
  136  7:20  Roach x4  
  144  7:32  Drone x2  
  144  7:33  Drone  
  144  7:34  Overlord  
  144  7:36  Roach x7  
  161  7:37  Grooved Spines  
  161  7:42  Roach x3  
  161  7:43  Zerg Missile Weapons Level 2, Roach  
  169  7:51  Roach x2  
  173  7:59  Roach x6  
  177  8:07  Roach x6  
  188  8:22  Extractor  
  187  8:36  Mutalisk x2  
  187  8:37  Overlord x2  
  187  8:39  Hatchery, Zerg Flyer Weapons Level 1  
  190  8:46  Mutalisk  
  192  8:54  Mutalisk x3  
  192  8:55  Mutalisk x6  
  188  9:01  Overlord x2  
  186  9:03  Overlord x2  
  184  9:20  Overlord x8  
  184  9:21  Drone x6  
  184  9:23  Queen  
  163  9:28  Hydralisk x4  
  165  9:32  Hydralisk x3, Lurker Den  
  165  9:36  Hydralisk  
  168  9:43  Hydralisk x3  
  168  9:45  Ravager x4  
  178  9:51  Roach x2  
  180  9:57  Roach x4  
  188  10:03  Overlord  
  188  10:04  Overlord  
  188  10:11  Hydralisk x6  
  194  10:19  Zerg Melee Weapons Level 1  
  192  10:22  Hydralisk x2  
  196  10:33  Extractor, Hydralisk x2  
  196  10:34  Hydralisk x2  
  196  10:35  Extractor  
  184  10:39  Roach x4  
  182  10:47  Roach x7  
  182  10:57  Roach x8  
  184  11:04  Drone x6  
  184  11:05  Drone x3  
  184  11:09  Lurker  
  184  11:10  Infestation Pit  
  193  11:13  Lurker  
  193  11:16  Drone x5  
  199  11:22  Lurker  
  198  11:33  Overseer  
  198  11:38  Lurker x4  
  190  11:54  Hatchery  
  190  11:55  Lurker  
  190  11:56  Lurker x4  
  190  12:00  Overseer  
  194  12:04  Zergling x2  
  194  12:05  Zergling x10  
  198  12:12  Roach  
  200  12:25  Overseer x2  
Show
View Real Time Build Order
Export as new Build Order

PtitDrogo Protoss 

Build Orders: 1 Gate Expand, Oracle Opening, Phoenix Opening, Zealot Archon, Archon Drop 

Get SALT Encoding   

  12  0:00  Probe  
  13  0:12  Probe  
  14  0:19  Pylon  
  14  0:24  Probe  
  15  0:33  Probe  
  15  0:41  Probe  
  16  0:43  Gateway  
  16  0:47  Assimilator  
  17  0:51  Probe  
  18  1:03  Probe  
  19  1:16  Probe  
  20  1:23  Nexus  
  20  1:33  Cybernetics Core  
  20  1:36  Probe  
  21  1:41  Assimilator  
  21  1:48  Probe  
  21  1:51  Pylon  
  22  2:01  Probe, Adept  
  23  2:13  Probe  
  26  2:20  Stargate  
  26  2:25  Probe  
  26  2:28  Warp Gate  
  27  2:30  Adept  
  27  2:31  Probe  
  27  2:33  Probe  
  30  2:40  Probe  
  30  2:41  Probe  
  32  2:50  Probe  
  33  2:52  Probe  
  33  2:57  Phoenix  
  35  3:02  Probe  
  35  3:04  Probe  
  39  3:11  Pylon  
  39  3:14  Probe  
  39  3:16  Probe  
  39  3:18  Oracle  
  41  3:24  Assimilator  
  41  3:26  Probe, Assimilator  
  45  3:28  Probe  
  46  3:34  Robotics Facility  
  46  3:38  Probe  
  46  3:40  Probe  
  48  3:50  Probe  
  48  3:52  Probe  
  48  3:54  Twilight Council  
  50  3:56  Pylon  
  50  4:06  Gateway  
  50  4:07  Gateway  
  50  4:09  Probe  
  51  4:10  Gateway, Probe  
  51  4:12  Warp Prism  
  52  4:21  Probe  
  52  4:22  Probe  
  56  4:35  Templar Archives  
  56  4:44  Forge  
  56  4:48  Probe  
  56  4:49  Pylon  
  56  4:50  Zealot  
  59  5:01  Probe, Nexus  
  59  5:06  Protoss Ground Weapons Level 1  
  60  5:08  Pylon  
  60  5:09  Pylon  
  60  5:11  Probe  
  60  5:12  High Templar x4  
  69  5:16  Archon  
  69  5:17  Probe, Archon  
  69  5:21  Observer  
  70  5:25  Gateway x2  
  71  5:29  Probe  
  71  5:31  Shield Battery  
  72  5:40  Probe  
  73  5:46  Charge, Immortal  
  77  5:52  Probe x2  
  79  6:02  Pylon, Gateway  
  79  6:03  Gateway  
  80  6:04  Probe x2  
  81  6:13  Probe  
  81  6:16  Probe x2  
  84  6:21  Probe  
  84  6:26  Psionic Storm  
  84  6:28  Probe x2  
  84  6:30  Probe, Assimilator  
  87  6:33  Immortal  
  87  6:34  Assimilator  
  87  6:37  Observer  
  87  6:38  Photon Cannon  
  88  6:40  Probe x2  
  88  6:41  Probe  
  88  6:45  Protoss Ground Weapons Level 2  
  95  6:52  Probe x2  
  95  6:53  Probe, High Templar x3  
  104  7:02  Photon Cannon  
  104  7:04  Pylon, Probe x2  
  104  7:05  Probe  
  104  7:07  Pylon  
  107  7:13  Immortal  
  107  7:20  Pylon  
  113  7:23  Pylon  
  113  7:26  Photon Cannon, High Templar  
  113  7:29  Photon Cannon  
  113  7:37  Stalker x3, Nexus  
  113  7:38  Zealot  
  113  7:40  Pylon  
  113  7:44  Stalker x2  
  125  7:49  Stalker  
  127  7:53  Pylon  
  127  8:02  Zealot  
  129  8:09  Zealot x4  
  129  8:11  Probe  
  136  8:18  Probe x2, Photon Cannon  
  138  8:24  High Templar  
  138  8:26  High Templar x2  
  144  8:30  Archon, High Templar x2  
  144  8:31  Zealot x3  
  154  8:35  Archon  
  156  8:42  Probe  
  157  8:49  Probe  
  157  8:52  Zealot x3  
  138  9:05  Zealot x5  
  147  9:17  Phoenix  
  147  9:24  Cybernetics Core  
  147  9:27  Photon Cannon  
  147  9:29  Photon Cannon  
  147  9:30  Photon Cannon  
  147  9:31  High Templar x4  
  143  9:32  High Templar x2  
  143  9:35  Archon x2  
  143  9:36  Archon, Photon Cannon  
  143  9:37  Photon Cannon  
  153  9:40  Phoenix  
  148  10:01  Probe  
  148  10:05  Probe  
  148  10:07  Stalker x2  
  148  10:13  Zealot x6  
  147  10:15  Nexus  
  147  10:23  Robotics Facility  
  147  10:24  Robotics Facility  
  141  10:30  Zealot  
  128  10:36  Zealot x7  
  128  10:41  Probe x2  
  128  10:48  Phoenix  
  118  10:54  Probe  
  107  10:57  High Templar x4  
  107  10:58  High Templar  
  107  11:01  Dark Shrine, Probe  
  107  11:02  Assimilator  
  118  11:04  Immortal  
  118  11:06  Assimilator  
  118  11:08  Observer  
  123  11:19  Stalker x3  
  123  11:21  Probe x3  
  129  11:32  Immortal  
  129  11:35  Immortal  
  133  11:42  Zealot x5  
  133  11:44  Zealot  
  145  11:52  Zealot x2  
  131  12:05  Archon  
  131  12:06  Archon, High Templar  
  131  12:07  Zealot x4  
  131  12:13  Dark Templar  
  137  12:21  Dark Templar  
  121  12:28  Dark Templar  
  121  12:29  Zealot x4  
Tags
 
Add a new tag
Caveats
  • Supply blocks, unpowered buildings, or Contaminate may cause inaccurate times.
  • Supply counts are checked every 10 seconds.